General information
			
			
        
        - name: BNet
 
        - type: Ladder team game (AT/RT)
 
        - host: Battle.net
 
        - saver: Gobiner
 
        
map: Highperch 
        - players: 6
 
        - length: 43:42
 
        - speed: Fast
 - version: 1.22 W3XP
 - replay type:  Public
 
» download(229 KB)
Players
        team 1 (loser) 
              
              
» 
Mildergod (
teal | 56 APM | 2437 actions | 43:41)
              
 6 Blademaster 
 2 Wind Walk
 1 Mirror Image
 2 Critical Strike
 1 Bladestorm
 
                » actions 
                
                | Assign group hotkey | 33 |  | 
| Basic commands | 237 |  | 
| Build / train | 78 |  | 
| Enter build submenu | 31 |  | 
| Enter hero's abilities submenu | 6 |  | 
| Give item / drop item | 1 |  | 
| Remove unit from queue | 1 |  | 
| Right click | 797 |  | 
| Select / deselect | 376 |  | 
| Select group hotkey | 789 |  | 
| Use ability | 88 |  | 
                2437 total
 » units 
                
                | Peon | 30 |  | 
| Grunt | 3 |  | 
| Wind Rider | 9 |  | 
| Demolisher | 9 |  | 
| Raider | 4 |  | 
                55 total
 » upgrades
                
                | Envenomed Spears | 1 |  | 
| Burning Oil | 1 |  | 
| Ranged Weapons | 1 |  | 
| Ensnare | 1 |  | 
| Spiked Barricades | 1 |  | 
| Reinforced Defenses | 1 |  | 
                6 total
 » buildings
                
                | Altar of Storms | 1 |  | 
| Orc Burrow | 10 |  | 
| Barracks | 1 |  | 
| War Mill | 1 |  | 
| Voodoo Lounge | 1 |  | 
| Stronghold | 1 |  | 
| Watch Tower | 10 |  | 
| Beastiary | 2 |  | 
| Fortress | 1 |  | 
| Great Hall | 2 |  | 
                30 total
 » build order
                00:08 Altar of Storms
00:13 Orc Burrow
00:41 Barracks
01:30 Orc Burrow
01:41 War Mill
02:14 Voodoo Lounge
03:30 Stronghold
04:16 Orc Burrow
04:31 Watch Tower
06:10 Beastiary
06:14 Beastiary
06:47 Fortress
08:16 Orc Burrow
08:45 Orc Burrow
10:39 Great Hall
11:23 Orc Burrow
12:13 Orc Burrow
16:29 Orc Burrow
16:38 Watch Tower
16:41 Watch Tower
28:04 Great Hall
36:34 Watch Tower
37:13 Watch Tower
37:18 Watch Tower
37:20 Watch Tower
38:10 Watch Tower
38:15 Watch Tower
38:19 Watch Tower
38:21 Orc Burrow
38:28 Orc Burrow
» items
                
                | Healing Salve | 2 |  | 
| Lesser Clarity Potion | 2 |  | 
| Potion of Mana | 1 |  | 
| Orb of Lightning | 1 |  | 
| Potion of Healing | 1 |  | 
                7 total
  
               
              
              
» 
No_One (
orange | 54 APM | 2369 actions | 43:40)
              
 5 Paladin 
 3 Holy Light
 2 Divine Shield
 3 Mountain King 
 2 Storm Bolt
 1 Bash
 
                » actions 
                
                | Assign group hotkey | 34 |  | 
| Basic commands | 179 |  | 
| Build / train | 85 |  | 
| Enter build submenu | 38 |  | 
| Enter hero's abilities submenu | 8 |  | 
| Remove unit from queue | 3 |  | 
| Right click | 857 |  | 
| Select / deselect | 594 |  | 
| Select group hotkey | 476 |  | 
| Use ability | 95 |  | 
                2369 total
 » units 
                
                | Peasant | 25 |  | 
| Footman | 9 |  | 
| Mortar Team | 11 |  | 
| Siege Engine | 6 |  | 
| Knight | 7 |  | 
                58 total
 » upgrades
                
                | Defend | 1 |  | 
| Barrage | 1 |  | 
| Fragmentation Shards | 1 |  | 
| Animal War Training | 1 |  | 
| Swords | 1 |  | 
                5 total
 » buildings
                
                | Altar of Kings | 1 |  | 
| Farm | 11 |  | 
| Barracks | 2 |  | 
| Blacksmith | 1 |  | 
| Scout Tower | 7 |  | 
| Lumber Mill | 1 |  | 
| Guard Tower | 7 |  | 
| Keep | 1 |  | 
| Workshop | 2 |  | 
| Castle | 1 |  | 
| Town Hall | 4 |  | 
                38 total
 » build order
                00:06 Altar of Kings
00:10 Farm
00:48 Farm
01:04 Barracks
02:00 Barracks
02:22 Blacksmith
03:51 Farm
03:55 Farm
04:35 Farm
05:04 Scout Tower
05:13 Lumber Mill
06:15 Guard Tower
06:19 Farm
06:30 Farm
08:42 Keep
09:04 Farm
09:08 Farm
09:55 Farm
09:59 Farm
11:05 Workshop
11:09 Workshop
11:30 Castle
15:40 Town Hall
28:03 Town Hall
30:23 Town Hall
31:17 Town Hall
33:49 Scout Tower
33:53 Scout Tower
34:17 Scout Tower
34:20 Scout Tower
34:22 Guard Tower
34:23 Guard Tower
35:19 Guard Tower
35:21 Guard Tower
35:24 Scout Tower
36:15 Guard Tower
36:18 Scout Tower
36:46 Guard Tower
 
               
              
              
» 
qtuner (
green | 39 APM | 1701 actions | 43:36)
              
 4 Far Seer 
 2 Chain Lighting
 2 Feral Spirit
 
                » actions 
                
                | Assign group hotkey | 25 |  | 
| Basic commands | 113 |  | 
| Build / train | 55 |  | 
| ESC pressed | 4 |  | 
| Enter build submenu | 20 |  | 
| Enter hero's abilities submenu | 5 |  | 
| Remove unit from queue | 1 |  | 
| Right click | 734 |  | 
| Select / deselect | 471 |  | 
| Select group hotkey | 212 |  | 
| Use ability | 61 |  | 
                1701 total
 » units 
                
                | Peon | 7 |  | 
| Grunt | 1 |  | 
| Demolisher | 11 |  | 
| Troll Batrider | 19 |  | 
| Troll Witch Doctor | 1 |  | 
                39 total
 » upgrades
                
                | Ranged Weapons | 3 |  | 
| Liquid Fire | 1 |  | 
| Armor | 2 |  | 
| Burning Oil | 1 |  | 
| Witch Doctor Training | 1 |  | 
                8 total
 » buildings
                
                | Altar of Storms | 1 |  | 
| Orc Burrow | 4 |  | 
| Barracks | 2 |  | 
| War Mill | 2 |  | 
| Stronghold | 1 |  | 
| Watch Tower | 2 |  | 
| Fortress | 1 |  | 
| Beastiary | 2 |  | 
| Voodoo Lounge | 1 |  | 
| Spirit Lodge | 1 |  | 
                17 total
 » build order
                00:07 Altar of Storms
00:19 Orc Burrow
01:09 Barracks
01:33 Orc Burrow
01:53 War Mill
01:58 War Mill
03:16 Stronghold
03:45 Barracks
04:16 Watch Tower
04:25 Watch Tower
04:35 Orc Burrow
06:20 Orc Burrow
08:51 Fortress
10:22 Beastiary
10:43 Beastiary
11:36 Voodoo Lounge
20:55 Spirit Lodge
 
               team 2 (winner) 
              
              
Blahsmack (
purple | 49 APM | 2138 actions | 43:41)
              
 6 Blademaster 
 2 Wind Walk
 3 Critical Strike
 1 Bladestorm
 
                » actions 
                
                | Basic commands | 64 |  | 
| Build / train | 61 |  | 
| Enter build submenu | 46 |  | 
| Enter hero's abilities submenu | 6 |  | 
| Give item / drop item | 3 |  | 
| Remove unit from queue | 2 |  | 
| Right click | 1417 |  | 
| Select / deselect | 380 |  | 
| Use ability | 159 |  | 
                2138 total
 » units 
                » upgrades
                
                | Ranged Weapons | 3 |  | 
| Spiked Barricades | 2 |  | 
| Liquid Fire | 1 |  | 
| Reinforced Defenses | 1 |  | 
                7 total
 » buildings
                
                | Altar of Storms | 1 |  | 
| War Mill | 2 |  | 
| Orc Burrow | 8 |  | 
| Watch Tower | 54 |  | 
| Stronghold | 1 |  | 
| Voodoo Lounge | 3 |  | 
| Beastiary | 2 |  | 
| Fortress | 2 |  | 
                73 total
 » build order
                00:07 Altar of Storms
00:14 War Mill
00:17 Orc Burrow
01:05 Orc Burrow
01:36 Watch Tower
02:22 Watch Tower
02:58 Watch Tower
03:07 Watch Tower
03:10 Watch Tower
03:14 Watch Tower
03:16 Watch Tower
03:21 Watch Tower
03:49 Watch Tower
03:54 Watch Tower
03:58 Watch Tower
04:08 Watch Tower
04:14 Watch Tower
04:57 Stronghold
05:03 Watch Tower
05:10 Voodoo Lounge
05:14 Voodoo Lounge
05:19 Voodoo Lounge
05:34 Watch Tower
05:37 Watch Tower
05:43 Watch Tower
05:45 Watch Tower
05:50 Watch Tower
05:52 Watch Tower
06:10 Watch Tower
07:42 Watch Tower
08:43 Beastiary
08:44 Beastiary
08:54 Watch Tower
10:08 Fortress
10:32 Watch Tower
10:34 Watch Tower
10:35 Watch Tower
10:36 Watch Tower
10:39 Watch Tower
10:40 Watch Tower
10:41 Watch Tower
10:45 Watch Tower
10:45 Watch Tower
10:46 Watch Tower
10:46 Watch Tower
10:47 Watch Tower
10:48 Watch Tower
11:25 Orc Burrow
11:28 Orc Burrow
11:52 Watch Tower
11:58 Watch Tower
12:09 Fortress
13:17 Watch Tower
13:17 Watch Tower
13:18 Watch Tower
13:19 Watch Tower
23:09 Watch Tower
23:14 Watch Tower
23:23 War Mill
24:55 Watch Tower
25:08 Watch Tower
25:13 Watch Tower
25:29 Watch Tower
25:38 Watch Tower
27:24 Watch Tower
27:27 Watch Tower
27:31 Watch Tower
27:35 Watch Tower
34:21 Orc Burrow
34:33 Orc Burrow
34:43 Orc Burrow
35:51 Orc Burrow
38:22 Watch Tower
» items
                
                | Potion of Lesser Invulnerability | 3 |  | 
| Boots of Speed | 1 |  | 
| Staff of Teleportation | 1 |  | 
| Orb of Lightning | 1 |  | 
| Potion of Healing | 3 |  | 
| Potion of Mana | 2 |  | 
| Scroll of Town Portal | 1 |  | 
                12 total
  
               
              
              
Gobiner (
yellow | 49 APM | 2126 actions | 43:42)
              
 6 Archmage 
 3 Blizzard
 2 Brilliance Aura
 1 Mass Teleport
 5 Blood Mage 
 3 Flame Strike
 2 Siphon Mana
 
                » actions 
                
                | Assign group hotkey | 31 |  | 
| Basic commands | 17 |  | 
| Build / train | 120 |  | 
| ESC pressed | 1 |  | 
| Enter build submenu | 86 |  | 
| Enter hero's abilities submenu | 11 |  | 
| Give item / drop item | 4 |  | 
| Right click | 710 |  | 
| Select / deselect | 477 |  | 
| Select group hotkey | 400 |  | 
| Use ability | 269 |  | 
                2126 total
 » units 
                
                | Peasant | 16 |  | 
| Sorceress | 4 |  | 
| Priest | 4 |  | 
| Dragonhawk Rider | 9 |  | 
                33 total
 » upgrades
                
                | Masonry | 3 |  | 
| Lumber Harvesting | 2 |  | 
| Magic Sentry | 1 |  | 
| Sorceress Training | 2 |  | 
| Priest Training | 2 |  | 
| Animal War Training | 1 |  | 
| Armor | 3 |  | 
| Cloud | 1 |  | 
| Swords | 1 |  | 
                16 total
 » buildings
                
                | Altar of Kings | 2 |  | 
| Lumber Mill | 2 |  | 
| Farm | 18 |  | 
| Scout Tower | 91 |  | 
| Arcane Tower | 5 |  | 
| Guard Tower | 35 |  | 
| Keep | 1 |  | 
| Castle | 1 |  | 
| Arcane Sanctum | 1 |  | 
| Arcane Vault | 1 |  | 
| Town Hall | 1 |  | 
| Blacksmith | 1 |  | 
| Barracks | 1 |  | 
| Gryphon Aviary | 3 |  | 
                163 total
 » build order
                00:09 Altar of Kings
00:13 Lumber Mill
00:19 Farm
00:45 Farm
01:22 Scout Tower
01:44 Scout Tower
01:45 Scout Tower
01:49 Arcane Tower
01:49 Arcane Tower
01:49 Arcane Tower
02:17 Guard Tower
02:28 Scout Tower
02:29 Scout Tower
02:40 Guard Tower
02:40 Guard Tower
03:06 Guard Tower
03:34 Guard Tower
03:37 Scout Tower
03:58 Keep
04:03 Scout Tower
04:35 Guard Tower
04:38 Scout Tower
04:39 Scout Tower
04:46 Scout Tower
05:16 Farm
05:21 Guard Tower
05:24 Scout Tower
05:34 Arcane Tower
05:48 Scout Tower
05:50 Scout Tower
05:51 Scout Tower
05:53 Scout Tower
05:55 Scout Tower
05:56 Scout Tower
06:06 Guard Tower
06:07 Scout Tower
06:08 Scout Tower
06:28 Castle
06:31 Guard Tower
06:51 Guard Tower
06:59 Guard Tower
07:00 Scout Tower
07:01 Scout Tower
07:02 Scout Tower
07:03 Scout Tower
07:04 Scout Tower
07:05 Scout Tower
08:38 Guard Tower
08:42 Scout Tower
08:42 Scout Tower
08:46 Arcane Sanctum
08:48 Guard Tower
09:18 Guard Tower
09:21 Arcane Vault
10:13 Guard Tower
11:11 Scout Tower
11:12 Scout Tower
11:19 Farm
11:21 Farm
11:21 Farm
11:28 Town Hall
11:34 Scout Tower
11:36 Scout Tower
11:37 Scout Tower
11:38 Scout Tower
11:40 Scout Tower
12:19 Guard Tower
12:21 Scout Tower
12:22 Scout Tower
12:23 Scout Tower
12:25 Scout Tower
12:25 Scout Tower
12:26 Scout Tower
12:58 Guard Tower
13:13 Guard Tower
14:14 Scout Tower
14:15 Scout Tower
15:03 Guard Tower
16:20 Blacksmith
16:22 Barracks
16:24 Gryphon Aviary
16:27 Gryphon Aviary
19:14 Guard Tower
19:17 Gryphon Aviary
19:40 Scout Tower
19:40 Scout Tower
19:42 Scout Tower
19:43 Scout Tower
19:45 Scout Tower
19:47 Scout Tower
20:12 Scout Tower
20:13 Scout Tower
20:13 Scout Tower
20:14 Scout Tower
20:15 Scout Tower
20:16 Scout Tower
20:28 Guard Tower
20:45 Guard Tower
21:28 Guard Tower
21:37 Guard Tower
22:23 Guard Tower
26:22 Scout Tower
26:23 Scout Tower
26:24 Scout Tower
26:27 Scout Tower
26:29 Scout Tower
26:30 Scout Tower
26:31 Scout Tower
29:07 Guard Tower
29:09 Scout Tower
29:10 Scout Tower
29:11 Scout Tower
30:43 Guard Tower
30:57 Scout Tower
30:59 Scout Tower
31:01 Scout Tower
31:06 Scout Tower
31:20 Farm
31:21 Farm
31:24 Farm
31:28 Guard Tower
31:31 Guard Tower
31:34 Scout Tower
31:56 Guard Tower
32:02 Lumber Mill
32:11 Scout Tower
32:14 Scout Tower
32:14 Scout Tower
32:28 Scout Tower
32:56 Farm
32:57 Farm
33:43 Guard Tower
33:50 Scout Tower
33:51 Scout Tower
33:52 Scout Tower
33:56 Scout Tower
34:21 Farm
34:22 Farm
34:23 Farm
34:34 Farm
34:34 Farm
34:35 Farm
34:36 Farm
34:40 Guard Tower
34:55 Scout Tower
34:57 Scout Tower
34:58 Scout Tower
35:00 Scout Tower
35:32 Guard Tower
35:34 Scout Tower
35:38 Scout Tower
35:39 Scout Tower
35:42 Scout Tower
36:22 Guard Tower
36:40 Scout Tower
36:41 Scout Tower
36:46 Scout Tower
36:48 Scout Tower
36:54 Scout Tower
37:21 Arcane Tower
39:49 Altar of Kings
» items
                
                | Healing Salve | 1 |  | 
| Lesser Clarity Potion | 3 |  | 
| Boots of Speed | 2 |  | 
| Staff of Sanctuary | 2 |  | 
| Scroll of Regeneration | 1 |  | 
| Staff of Teleportation | 2 |  | 
| Orb of Lightning | 2 |  | 
| Scroll of Town Portal | 1 |  | 
                14 total
  
               
              
              
westonb (
pink | 42 APM | 1853 actions | 43:41)
              
 4 Warden 
 2 Shadow Strike
 2 Blink
 2 Keeper of the Grove 
 1 Entangling Roots
 1 Thorns Aura
 
                » actions 
                
                | Assign group hotkey | 4 |  | 
| Basic commands | 63 |  | 
| Build / train | 59 |  | 
| ESC pressed | 10 |  | 
| Enter build submenu | 23 |  | 
| Enter hero's abilities submenu | 6 |  | 
| Give item / drop item | 4 |  | 
| Right click | 1141 |  | 
| Select / deselect | 302 |  | 
| Select group hotkey | 72 |  | 
| Use ability | 169 |  | 
                1853 total
 » units 
                
                | Wisp | 18 |  | 
| Druid of the Talon | 3 |  | 
| Hippogryph | 8 |  | 
                29 total
 » upgrades
                
                | Druid of the Talon Training | 2 |  | 
| Strength of the Wild | 3 |  | 
| Nature's Blessing | 1 |  | 
| Mark of the Talon | 1 |  | 
| Reinforced Hides | 3 |  | 
| Ultravision | 1 |  | 
                11 total
 » buildings
                
                | Altar of Elders | 1 |  | 
| Moon Well | 10 |  | 
| Tree of Ages | 1 |  | 
| Ancient of Wind | 1 |  | 
| Ancient of Wonders | 1 |  | 
| Tree of Life | 1 |  | 
| Tree of Eternity | 1 |  | 
| Hunter's Hall | 1 |  | 
| Ancient Protector | 2 |  | 
                19 total
 » build order
                00:10 Altar of Elders
00:34 Moon Well
01:44 Moon Well
02:44 Moon Well
03:40 Moon Well
04:46 Moon Well
05:53 Moon Well
06:42 Tree of Ages
07:13 Moon Well
07:45 Moon Well
08:39 Moon Well
09:55 Moon Well
10:30 Ancient of Wind
10:39 Ancient of Wonders
11:26 Tree of Life
11:36 Tree of Eternity
12:09 Hunter's Hall
21:28 Ancient Protector
21:32 Ancient Protector
» items
                
                | Staff of Teleportation | 2 |  | 
| Boots of Speed | 1 |  | 
| Orb of Venom | 1 |  | 
| Tiny Great Hall | 1 |  | 
| Potion of Healing | 1 |  | 
| Potion of Mana | 1 |  | 
| Scroll of Town Portal | 1 |  | 
| Staff of Sanctuary | 1 |  | 
                9 total
  
                Chat log
          
(06:37 / Allies) westonb: cant click shit
(06:38 / Allies) westonb: ugh
(06:45 / Allies) westonb: teching
(09:51 / Allies) westonb: ugh
(11:31 / Allies) westonb: can i get towers on the right
(14:08 / Allies) westonb: oops
(14:10 / Allies) westonb: sorru
(28:21 / Allies) westonb: fyi you didn't run over right away gob
(28:26 / Allies) westonb: not entirely us
(30:38 / Allies) westonb: gob can you make more towers on perch
(33:42 / Allies) westonb: can i get some gold to revive
(33:50 / Allies) westonb: ty
(35:38 / All) qtuner: really?
(37:32 / Allies) westonb: tp cd
(37:36 / Allies) westonb: i'll be there asap
(37:51 / Allies) westonb: nj
(38:00 / All) qtuner: this is pointless
(38:03 / All) Gobiner: so quit
(38:04 / All) Blahsmack: ahahaha
(38:06 / All) Blahsmack: ahahhahaa
(38:36 / All) qtuner: big deal, just a game
(38:43 / All) Blahsmack: then 3why do you play
(38:50 / All) Blahsmack: when even fucking play or waste your time
(38:51 / All) qtuner: congrats, you are king cheesers
(38:53 / All) Gobiner: a game you're really whiny about
(38:54 / All) Blahsmack: if its just a game
(38:58 / All) qtuner: no whining
(39:09 / All) Blahsmack: you are
(39:21 / All) qtuner: you exploited
(39:29 / All) Blahsmack: the map is called high perch
(39:39 / All) Blahsmack: for a very good reason
(40:25 / All) Gobiner: have you seen our perch yet
(40:48 / All) qtuner: how do you get up there?
(40:51 / All) Gobiner: zepplin
(40:54 / All) Blahsmack: ysed the zepplin
(40:58 / All) Blahsmack: buy it
(41:02 / All) Blahsmack: at the shop noob
(41:12 / All) qtuner: there is no
(41:20 / All) westonb: haha you cant find it?
(41:21 / All) qtuner: there is a merc shop
(41:45 / All) qtuner: which shop?
(41:50 / All) Gobiner: goblin shop
(43:15 / All) westonb: Base!
(43:41 / All) westonb: 2ez